 Dungeon Crawl Stone Soup version 0.31-a0-1611-g890cdf5628 (webtiles) character file.

Game seed: 16991989306327390547

1260 Curundu the Cleaver (level 8, -6/64 HPs)
             Began as a Minotaur Berserker on Jan 8, 2024.
             Was an Elder of Trog.
             Succumbed to a water moccasin's poison
             ... on level 6 of the Dungeon.
             The game lasted 00:17:41 (5692 turns).

Curundu the Cleaver (Minotaur Berserker)            Turns: 5692, Time: 00:17:41

Health: -6/64      AC:  6    Str: 30    XL:     8   Next: 27%
Magic:  7/7        EV: 10    Int:  4    God:    Trog [****..]
Gold:   408        SH:  0    Dex: 10    Spells: 7/7 levels left

rFire   + . .        k - +0 battleaxe
rCold   . . .        (shield currently unavailable)
rNeg    . . .        s - +0 scale mail
rPois   .            (helmet restricted)
rElec   .            (no cloak)
rCorr   .            (no gloves)
SInv    .            (no boots)
Will    .....        (no amulet) Stlth
                     o - +6 ring of strength
HPRegen 0.30/turn    f - ring of protection from fire
MPRegen 0.10/turn

%: no passive effects
@: lethally poisoned (-6 -> -43)
A: horns 2, retaliatory headbutt
a: Renounce Religion, Berserk, Trog's Hand, Brothers in Arms


You were on level 6 of the Dungeon.
You worshipped Trog.
Trog was greatly pleased with you.
You visited 1 branch of the dungeon, and saw 6 of its levels.

You collected 408 gold pieces.

Inventory:

Hand Weapons
 a - a +0 hand axe
 k - a +0 battleaxe (weapon)
Missiles
 d - a throwing net
 i - 8 poisoned darts
Armour
 s - a +0 scale mail (worn)
Jewellery
 f - a ring of protection from fire (right hand)
 o - a +6 ring of strength (left hand)
Wands
 l - a wand of flame (11)
Scrolls
 c - 2 scrolls of summoning {unknown}
 h - a scroll of silence {unknown}
 j - a scroll of torment
 m - a scroll of teleportation
 p - a scroll of blinking
 q - a scroll of identify
Potions
 b - a potion of invisibility {unknown}
 e - a potion of enlightenment
 g - 2 potions of curing
 n - 2 potions of heal wounds {unknown}
 r - a potion of cancellation {unknown}


   Skills:
 - Level 3.6 Fighting
 + Level 12.4 Axes
 - Level 2.4 Armour
 - Level 2.1 Dodging


You had 7 spell levels left.
You didn't know any spells.
Your spell library was empty.

Dungeon Overview and Level Annotations

Branches:
Dungeon (6/15)             Temple (0/1) D:5

Altars:
Ru

Shops:
D:2 =

Annotations:
D:3 1 runed translucent door, Azoth's ghost, amateur OpSh


Innate Abilities, Weirdness & Mutations

You have a pair of horns on your head.
You reflexively headbutt those who attack you in melee.


Message History

The water moccasin poisons you!
You hit the water moccasin but do no damage.
Your headbutt misses the water moccasin.
You feel very sick. The water moccasin bites you.
The water moccasin barely misses you. You furiously retaliate!
You headbutt the water moccasin. You slice the water moccasin!!
The water moccasin is severely wounded.
You feel sick.
The water moccasin bites you but does no damage.
The water moccasin bites you!
You closely miss the water moccasin.
The water moccasin is severely wounded.
You feel sick. The water moccasin bites you.
You are more poisoned.
The water moccasin poisons you!
You hit the water moccasin.
Your headbutt misses the water moccasin.
The water moccasin is severely wounded.
You feel very sick. The water moccasin bites you.
The water moccasin bites you but does no damage.
You barely miss the water moccasin.
The water moccasin is severely wounded.
You feel very sick.
The water moccasin bites you but does no damage.
You miss the water moccasin.
The water moccasin is severely wounded.
You feel very sick. The water moccasin bites you.
* * * LOW HITPOINT WARNING * * *
You are lethally poisoned!
The water moccasin poisons you! The water moccasin bites you!
* * * LOW HITPOINT WARNING * * *
You are more poisoned.
The water moccasin poisons you!
You slash the water moccasin!
You kill the water moccasin!
Trog accepts your kill.
You die...

.. #. #. # ##. # .. # #.
#
######.#################
.......@................
######.#################
#> #. .. ##


There were no monsters in sight!

Vanquished Creatures
  Duvessa (D:4)
  2 water moccasins (D:6)
  An ice beast (D:6)
  2 scorpions
  Dowan (D:4)
  A howler monkey (D:6)
  2 hounds (D:6)
  6 orc priests
  A sleepcap (D:5)
  3 iguanas
  3 orc wizards (D:4)
  Natasha (thrice) (D:4)
  4 gnolls (D:3)
  9 adders
  A shadow imp (D:5)
  A dart slug (D:4)
  3 ribbon worms
  22 orcs
  7 endoplasms
  5 giant cockroaches
  7 goblins
  7 hobgoblins
  11 jackals
  4 kobolds
  5 quokkas
  12 ball pythons
  5 bats
  7 frilled lizards
  6 rats
142 creatures vanquished.

Notes
Turn   | Place    | Note
-------+----------+-------------------------------------------
     0 | D:1      | Curundu the Minotaur Berserker began the quest for the Orb.
     0 | D:1      | Reached XP level 1. HP: 19/19 MP: 0/0
    57 | D:1      | Reached skill level 4 in Axes
    96 | D:1      | Reached XP level 2. HP: 26/26 MP: 1/1
   407 | D:1      | Reached ** piety under Trog
   408 | D:1      | Reached skill level 5 in Axes
   471 | D:1      | Reached XP level 3. HP: 25/31 MP: 2/2
   751 | D:2      | Found Raedat's Jewellery Boutique.
  1111 | D:2      | Found a faded altar of an unknown god.
  1308 | D:3      | You fall into a shaft and drop 1 floor!
  1340 | D:3      | Reached skill level 6 in Axes
  1340 | D:3      | Reached XP level 4. HP: 30/39 MP: 3/3
  1468 | D:4      | Noticed Duvessa
  1469 | D:4      | Noticed Dowan
  1751 | D:3      | Reached *** piety under Trog
  1941 | D:3      | Reached XP level 5. HP: 40/45 MP: 4/4
  1995 | D:3      | Found a runed translucent door.
  1996 | D:3      | Noticed Azoth's ghost (amateur OpSh)
  2230 | D:3      | Reached skill level 7 in Axes
  2747 | D:4      | Reached skill level 8 in Axes
  2747 | D:4      | Killed Dowan
  2748 | D:4      | Reached XP level 6. HP: 51/51 MP: 5/5
  2751 | D:4      | Killed Duvessa
  2752 | D:4      | Reached skill level 9 in Axes
  2820 | D:4      | Identified the +1 robe "Hijac" {rPois Regen+ Int+3 Stlth+}
  3018 | D:4      | Found a sacrificial altar of Ru.
  3153 | D:4      | Noticed Natasha
  3160 | D:4      | Killed Natasha
  3257 | D:4      | Noticed Natasha
  3262 | D:4      | Killed Natasha
  3269 | D:4      | Noticed Natasha
  3274 | D:4      | Killed Natasha
  3275 | D:4      | Reached XP level 7. HP: 44/57 MP: 6/6
  3625 | D:5      | Entered Level 5 of the Dungeon
  3865 | D:5      | Reached skill level 10 in Axes
  4346 | D:5      | Reached **** piety under Trog
  4506 | D:5      | Found a staircase to the Ecumenical Temple.
  4757 | D:5      | Reached skill level 11 in Axes
  5107 | D:6      | Reached XP level 8. HP: 51/64 MP: 7/7
  5399 | D:6      | Reached skill level 12 in Axes
  5691 | D:6      | HP: 3/64 [water moccasin (8)]
  5692 | D:6      | Succumbed to a water moccasin's poison

Illustrated notes

Levels and vault maps discovered:
D:1:      nzn_arrival_depleted_hourglass, layout_basic
D:2:      layout_basic, serial_shops, shop_coins,
          shapermc_ecumenical_altar_mp_ritualfount, bh_walls_and_bars
D:3:      layout_loops_corners, gammafunk_ghost_grave, grunt_ministairs_9,
          dk_noncrumbling_4, kennysheep_pointless_box
D:4:      layout_gridville, nicolae_overflow_crystal_walls,
          chequers_serial_rivers_micro_b, minmay_circle_x, uniq_natasha,
          uniq_duvessa
D:5:      layout_layer_cave, minmay_temple_entry_glassed_door,
          cheibrodos_sewer_entry_bend
D:6:      layout_basic

Skill      XL: |  1  2  3  4  5  6  7  8 |
---------------+-------------------------+-----
Axes           | 4 5 6 8 9 11 12 | 12.4
Fighting       | |  3.6
Armour         | |  2.4
Dodging        | |  2.1

Action                     |  1- 3 |  4- 6 |  7- 9 || total
---------------------------+-------+-------+-------++-------
  Melee: Hand axe          |   102 |    79 |       ||   181
         Headbutt          |    12 |    19 |    10 ||    41
         Punch             |     1 |       |       ||     1
         Battleaxe         |       |    40 |    94 ||   134
  Throw: Throwing net      |       |     1 |       ||     1
 Invoke: Trog's Hand       |       |     3 |       ||     3
         Berserk           |       |     1 |       ||     1
    Use: Scroll            |     7 |       |       ||     7
   Stab: Distracted        |       |       |     1 ||     1
 Armour: Animal skin       |    33 |       |       ||    33
         Ring mail         |    33 |    88 |    14 ||   135
         Scale mail        |       |       |    48 ||    48
  Dodge: Dodged            |    60 |    78 |    56 ||   194

Table legend: (Time is in decaauts)
 A = Elapsed time spent in this place.
 B = Non-inter-level travel time spent in this place.
 C = Inter-level travel time spent in this place.
 D = Time resting spent in this place.
 E = Time spent auto-exploring this place.
 F = Levels seen in this place.
 G = Mean time per level.
                   A        B        C        D        E       F      G
               +--------+--------+--------+--------+--------+-----+--------+
         Total |   5754 |   5754 |      0 |    476 |   4024 |   6 |  959.0 |
       Dungeon |   5754 |   5754 |      0 |    476 |   4024 |   6 |  959.0 |
               +--------+--------+--------+--------+--------+-----+--------+

Top non-repeatable levels by time:
     D:5: 1363 daAuts
     D:3: 1344 daAuts
     D:4: 1039 daAuts
     D:6: 725 daAuts
     D:1: 681 daAuts
     D:2: 600 daAuts
